 Dungeon Crawl Stone Soup version 0.31.0-32-g396128a36d (webtiles) character file.

Game seed: 11892840145863673632

7906 FarmingIce the Grappler (level 11, -6/175 HPs)
             Began as a Troll Berserker on Mar 13, 2024.
             Was a High Priest of Trog.
             Killed from afar by a rime drake (17 damage)
             ... with an icy flash freeze
             ... on level 1 of the Lair of Beasts.
             The game lasted 00:19:01 (6878 turns).

FarmingIce the Grappler (Troll Berserker)           Turns: 6878, Time: 00:19:03

Health: -6/175     AC:  9    Str: 37    XL:     11   Next: 2%
Magic:  10/10      EV: 10    Int:  3    God:    Trog [*****.]
Gold:   1086       SH:  0    Dex:  9    Spells: 10/10 levels left

rFire   . .          .
                       - Unarmed
rCold   . . .        (no shield)
rNeg    . . .        a - +0 animal skin
rPois   .            (helmet restricted)
rElec   .            N - +0 cloak
rCorr   .            (gloves unavailable)
SInv    .            (boots unavailable)
Will    .....        E - amulet of faith Stlth
                     y - +6 ring of strength
HPRegen 1.29/turn    o - +4 ring of protection
MPRegen 0.12/turn

%: faith
@: berserking (expiring), very quick
A: large, unfitting armour, claws 3, regeneration 1, shaggy fur 1, tough skin 1
a: Renounce Religion, Berserk, Trog's Hand, Brothers in Arms


You were on level 1 of the Lair of Beasts.
You worshipped Trog.
Trog was extremely pleased with you.
You visited 2 branches of the dungeon, and saw 9 of its levels.
You also visited: Ossuary.

You collected 1086 gold pieces.

Inventory:

Hand Weapons
 h - a +2 short sword of flaming
 L - a +0 giant spiked club
Missiles
 g - a throwing net (quivered)
Armour
 a - a +0 animal skin (worn)
 N - a +0 cloak (worn)
Jewellery
 f - a ring of resist corrosion
 o - a +4 ring of protection (right claw)
 v - a ring of willpower
 y - a +6 ring of strength (left claw)
 E - an amulet of faith (around neck)
 H - a ring of poison resistance
Wands
 q - a wand of mindburst (6)
 F - a wand of paralysis (2)
 G - a wand of flame (49)
Scrolls
 d - 2 scrolls of noise
 e - a scroll of immolation
 i - a scroll of fog
 k - a scroll of revelation
 l - a scroll of poison
 m - 3 scrolls of amnesia
 n - a scroll of vulnerability
 p - 2 scrolls of fear
 u - 2 scrolls of teleportation
 x - a scroll of brand weapon
 J - a scroll of enchant weapon {unknown}
 M - a scroll of enchant armour
Potions
 b - 4 potions of lignification {unknown}
 c - 8 potions of curing {unknown}
 j - 4 potions of might {unknown}
 r - a potion of mutation {unknown}
 s - 2 potions of enlightenment {unknown}
 t - 2 potions of brilliance {unknown}
 w - a potion of haste {unknown}
 z - 3 potions of attraction {unknown}
 A - 2 potions of heal wounds {unknown}
 B - 3 potions of degeneration {unknown}
 C - 3 potions of cancellation {unknown}
 D - 3 potions of ambrosia {unknown}
 K - a potion of resistance {unknown}


   Skills:
 - Level 10.0 Fighting
 + Level 0.9 Long Blades
 + Level 0.7(1.0) Axes
 + Level 0.8(1.2) Polearms
 + Level 0.8(1.0) Staves
 + Level 0.4 Ranged Weapons
 * Level 6.3 Armour
 - Level 2.4 Dodging
 - Level 0.1 Stealth
 + Level 0.8 Shields
 - Level 10.0 Unarmed Combat
 + Level 0.4 Invocations
 + Level 0.6 Shapeshifting


You had 10 spell levels left.
You didn't know any spells.
Your spell library contained the following spells:

 Spells                   Type           Power      Damage    Failure   Level
 Freeze                   Ice            0%         1d3       52%         1
 Blink                    Tloc           0%         N/A       67%         2
 Ensorcelled Hibernation  Hex/Ice        0%         N/A       67%         2
 Lesser Beckoning         Tloc           0%         N/A       67%         2
 Momentum Strike          Conj/Tloc      0%         3d8       67%         2
 Frozen Ramparts          Ice            0%         1d1       88%         3
 Fugue of the Fallen      Necr           0%         N/A       88%         3
 Gell's Gravitas          Tloc           0%         N/A       88%         3
 Hailstorm                Conj/Ice       0%         3d5       88%         3
 Teleport Other           Tloc           0%         N/A       88%         3
 Anguish                  Hex/Necr       0%         N/A       99%         4
 Summon Forest            Summ/Tloc      0%         N/A       100%        5
 Summon Mana Viper        Hex/Summ       0%         N/A       100%        5
 Summon Cactus Giant      Summ           0%         N/A       100%        6


Dungeon Overview and Level Annotations

Branches:
Dungeon (8/15)             Temple (0/1) D:5            Lair (1/5) D:8
Ossuary (visited)

Altars:
Uskayaw
Xom
The Shining One

Shops:
D:8 =!


Innate Abilities, Weirdness & Mutations

You are too large for most types of armour.
You have claws for hands.
Your natural rate of healing is unusually fast.
You are covered in fur. (AC +1)
You have tough skin. (AC +1)


Message History

You mangle the yak!!
The yak is severely wounded.
The yak barely misses you. The yak closely misses you. The yak gores you.
* * * LOW HITPOINT WARNING * * *
You barely miss the yak.
The yak is severely wounded.
The yak barely misses you. The yak gores you.
* * * LOW HITPOINT WARNING * * *
You barely miss the yak. You barely miss the yak. The yak gores you.
* * * LOW HITPOINT WARNING * * *
You completely miss the yak. The yak gores you but does no damage.
You scratch the yak. Your claw misses the yak.
The yak is lightly wounded.
You barely miss the yak.
The yak is lightly wounded.
The yak closely misses you.
You mangle the yak!!
The yak is almost dead.
You claw the yak!
You feel the power of Trog in you as your rage grows.
You kill the yak!
Trog accepts your kill.
You have reached level 11!
You mangle the yak!!
You kill the yak!
Trog accepts your kill. The yak closely misses you.
Things that are here:
a yak corpse; a catoblepas corpse You eviscerate the yak!!!
The yak is almost dead.
A rime drake comes into view.
You barely miss the yak.
The yak is almost dead.
The rime drake hisses angrily.
The yak barely misses you. The rime drake breathes ice at you.
The icy flash freeze hits you!
You die...

....# #...##
## #....##.#.
.?......#
##.....?..
#...P.# #...#
#Y#.# .
###.@###
..#^...†.#
.........##
##..
k##.#P....#
...##
####...##
#..P# #P...##
#...# #.....##
#...#
##...#.###...#
#...........#


You could see a yak and a rime drake (catching breath).

Vanquished Creatures
  A catoblepas (Lair:1)
  The ghost of Frank the Cudgeller, a novice DgFi (D:6)
  An unseen horror zombie (D:6)
  A spectral unseen horror (D:6)
  An unseen horror skeleton (D:6)
  6 yaks
  Eustachio (D:4)
  Grum (D:8)
  4 wyverns (D:8)
  A basilisk (D:8)
  A steam dragon (D:7)
  3 water moccasins
  3 ice beasts
  A sky beast (D:8)
  An orc warrior (D:7)
  A black bear (D:6)
  3 ogres
  2 centaurs
  9 wolves
  A gnoll sergeant (D:8)
  2 bullfrogs (D:7)
  3 scorpions
  13 wights
  A howler monkey (D:6)
  A bombardier beetle (D:5)
  2 spectral scorpions (Ossuary)
  2 gnoll boudas (D:6)
  4 hounds
  3 jellies
  2 orc priests
  2 iguanas
  5 orc wizards
  Ijyb (D:4)
  A crocodile zombie (Ossuary)
  4 ogre skeletons (Ossuary)
  10 mummies (Ossuary)
  3 gnolls (D:8)
  8 adders
  3 white imps
  2 dart slugs
  2 ribbon worms (D:2)
  20 orcs
  4 ball pythons
  A bat (D:2)
  3 endoplasms (D:1)
  2 giant cockroaches
  5 goblins
  6 hobgoblins
  5 jackals
  4 quokkas
  A frilled lizard (D:1)
  A gnoll skeleton (Ossuary)
  4 kobolds
  2 kobold skeletons (Ossuary)
  An orc skeleton (Ossuary)
  4 rats
  A rat zombie (D:4)
  10 spectral rats (Ossuary)
191 creatures vanquished.

Vanquished Creatures (others)
  An orc (D:7)
1 creature vanquished.

Grand Total: 192 creatures vanquished

Notes
Turn   | Place    | Note
-------+----------+-------------------------------------------
     0 | D:1      | FarmingIce the Troll Berserker began the quest for the Orb.
     0 | D:1      | Reached XP level 1. HP: 22/22 MP: 0/0
   278 | D:1      | Reached XP level 2. HP: 29/29 MP: 1/1
   807 | D:2      | Reached XP level 3. HP: 36/36 MP: 2/2
   810 | D:2      | Reached ** piety under Trog
   922 | D:2      | Reached XP level 4. HP: 44/44 MP: 3/3
  1070 | D:2      | Found a glowing golden altar of the Shining One.
  1712 | D:3      | Found a faded altar of an unknown god.
  1978 | D:4      | Found a shimmering altar of Xom.
  2037 | D:4      | Reached skill level 5 in Unarmed Combat
  2093 | D:4      | Noticed a scorpion
  2103 | D:4      | Killed a scorpion
  2104 | D:4      | Reached XP level 5. HP: 30/53 MP: 4/4
  2150 | D:4      | Noticed Ijyb
  2155 | D:4      | Killed Ijyb
  2236 | D:4      | Found a sand-covered staircase.
  2249 | Ossuary  | Entered an ossuary
  2292 | Ossuary  | Reached XP level 6. HP: 61/61 MP: 5/5
  2378 | Ossuary  | Reached *** piety under Trog
  2569 | Ossuary  | Reached XP level 7. HP: 66/67 MP: 6/6
  2911 | D:4      | Noticed Eustachio
  2929 | D:4      | Killed Eustachio
  3129 | D:5      | Entered Level 5 of the Dungeon
  3254 | D:5      | Reached **** piety under Trog
  3259 | D:5      | Reached XP level 8. HP: 61/75 MP: 7/7
  3649 | D:5      | Found a staircase to the Ecumenical Temple.
  3956 | D:6      | Found a runed translucent gate.
  3956 | D:6      | Found a runed translucent gate.
  3956 | D:6      | Found a runed translucent gate.
  4104 | D:6      | Reached skill level 10 in Unarmed Combat
  4338 | D:6      | Noticed Frank's ghost (novice DgFi)
  4338 | D:6      | Noticed a spectral unseen horror
  4432 | D:6      | Found a hide-covered altar of Uskayaw.
  4556 | D:6      | Reached skill level 5 in Fighting
  4663 | D:6      | Killed Frank's ghost
  4664 | D:6      | Reached XP level 9. HP: 93/93 MP: 8/8
  4673 | D:6      | Killed a spectral unseen horror
  5818 | D:8      | Reached XP level 10. HP: 105/107 MP: 9/9
  6117 | D:8      | Reached skill level 10 in Fighting
  6154 | D:8      | Reached skill level 1 in Armour
  6223 | D:8      | Found a staircase to the Lair.
  6238 | D:8      | Reached ***** piety under Trog
  6343 | D:8      | Identified a scroll of acquirement
  6345 | D:8      | Acquired 586 gold pieces
  6369 | D:8      | Noticed Grum
  6385 | D:8      | Killed Grum
  6524 | D:8      | Found Bika's Distillery.
  6638 | D:8      | Found Liall's Jewellery Emporium.
  6661 | Lair:1   | Entered Level 1 of the Lair of Beasts
  6702 | Lair:1   | Reached skill level 5 in Armour
  6838 | Lair:1   | Noticed a catoblepas
  6854 | Lair:1   | Killed a catoblepas
  6863 | Lair:1   | HP: 8/165 [yak (9)]
  6868 | Lair:1   | HP: 3/165 [yak (4)]
  6874 | Lair:1   | Reached XP level 11. HP: 7/117 MP: 10/10
  6878 | Lair:1   | Killed from afar by a rime drake

Illustrated notes

Levels and vault maps discovered:
D:1:      dpeg_arrival_rhombus, layout_basic, serial_aquarium,
          aquarium_bridge_square [aquarium_subvault_wall,
          aquarium_subvault_bridge, aquarium_subvault_window,
          aquarium_subvault_bridge], aquarium_bridge_square
          [aquarium_subvault_balcony, aquarium_subvault_bridge,
          aquarium_subvault_wall, aquarium_subvault_window],
          aquarium_window_fake, aquarium_window_3, aquarium_view_2f,
          aquarium_view_2c, aquarium_balcony_5b, minmay_cut_off
D:2:      layout_rooms, basic_altar, minmay_misc_feat_square,
          kennysheep_generic_room_12
D:3:      layout_loops_ring, dilly_ecumenical_altar_fadedgnrine,
          minmay_misc_feat_columns, nicolae_figureground_sparkle
D:4:      layout_basic, mainiacjoe_overflow_surrounded_room, enter_ossuary_3,
          uniq_ijyb, uniq_eustachio
D:5:      minmay_recursive_quarters, layout_basic,
          minmay_temple_entry_metal_lava
D:6:      black_bear_nest_1, layout_basic, gammafunk_ghost_necromancy,
          minmay_ruined_shrine
D:7:      nicolae_cairo_tiling, layout_basic, kennysheep_minor_cross
D:8:      layout_loops_cross, minmay_lair_entry_grove, serial_shops,
          nicolae_square_shop, nicolae_shop_gaudy_bauble, kennysheep_potato,
          uniq_grum
Lair:1:   statuecave_lemuel, layout_concentric_octagons, serial_bayou_shore_b

Skill      XL: |  1  2  3  4  5  6  7  8  9 10 |
---------------+-------------------------------+-----
Unarmed Combat | 4 5 6 7 9 10 | 10.0
Fighting       | 3 7 9 10 | 10.0
Armour         | 6 |  6.3
Long Blades    | |  0.9
Axes           | |  0.7
Polearms       | |  0.8
Staves         | |  0.8
Ranged Weapons | |  0.4
Dodging        | |  2.4
Stealth        | |  0.1
Shields        | |  0.8
Invocations    | |  0.4
Shapeshifting  | |  0.6

Action                     |  1- 3 |  4- 6 |  7- 9 | 10-12 || total
---------------------------+-------+-------+-------+-------++-------
  Melee: Unarmed           |    69 |   143 |   200 |   158 ||   570
         Punch             |     2 |     6 |     7 |     7 ||    22
 Invoke: Berserk           |       |       |     1 |     3 ||     4
    Use: Scroll            |       |       |     9 |     4 ||    13
   Stab: Sleeping          |       |     1 |       |       ||     1
 Armour: Animal skin       |    39 |    66 |   171 |   153 ||   429
  Dodge: Dodged            |    32 |    40 |    93 |    88 ||   253
